 Dungeon Crawl Stone Soup version 0.29-a0-11-ga75d3d97ab (webtiles) character file.

Game seed: 17227844653593566104

11880 robertstho the Thaumaturge (level 11, -8/64 HPs)
             Began as a Deep Elf Earth Elementalist on Jan 28, 2022.
             Was a Believer of Sif Muna.
             Killed from afar by an acid dragon (29 damage)
             ... with a splash of acid
             ... on level 11 of the Dungeon.
             The game lasted 00:25:17 (14669 turns).

robertstho the Thaumaturge (DEEE)                  Turns: 14669, Time: 00:25:18

Health: -8/64      AC: 11    Str:  5    XL:     11   Next: 55%
Magic:  12/31      EV: 13    Int: 25    God:    Sif Muna [**....]
Gold:   276        SH:  0    Dex: 15    Spells: 15/38 levels left

rFire   . . .      SeeInvis .   o - +2 dagger (vamp)
rCold   . . .      Faith    .   (no shield)
rNeg    + . .      Spirit   .   N - +2 robe {rN+}
rPois   .          Reflect  .   B - +2 hat
rElec   .          Harm     .   E - +0 cloak
rCorr   .          Rampage  .   w - +0 pair of gloves
Will    +....                   m - +2 pair of boots
Stlth   +++.......              (no amulet)
HPRegen 0.20/turn               K - +4 ring of protection
MPRegen 0.22/turn               p - ring of wizardry

@: corroded
A: no striking features
a: Renounce Religion, Channel Magic


You were on level 11 of the Dungeon.
You worshipped Sif Muna.
Sif Muna was pleased with you.
You visited 2 branches of the dungeon, and saw 12 of its levels.

You collected 506 gold pieces.
You spent 230 gold pieces at shops.

Inventory:

Hand Weapons
 a - a +0 short sword
 o - a +2 vampiric dagger (weapon)
Missiles
 c - 149 stones
 l - 3 silver javelins
Armour
 m - a +2 pair of boots (worn)
 w - a +0 pair of gloves (worn)
 B - a +2 hat (worn)
 E - a +0 cloak (worn)
 N - a +2 robe of positive energy (worn)
Jewellery
 b - a ring of protection from cold
 g - a +4 ring of evasion
 k - a +4 ring of slaying
 p - a ring of wizardry (right hand)
 D - a +6 ring of dexterity
 G - a +6 ring of dexterity
 I - a ring of positive energy
 K - a +4 ring of protection (left hand)
Wands
 r - a wand of acid (10)
 u - a wand of paralysis (4)
 F - a wand of flame (3)
Scrolls
 d - 3 scrolls of blinking {unknown}
 f - 2 scrolls of fear
 i - 4 scrolls of vulnerability
 q - 3 scrolls of teleportation
 s - 2 scrolls of fog
 t - 5 scrolls of noise {unknown}
 x - 2 scrolls of enchant armour {unknown}
 y - a scroll of summoning
 z - 2 scrolls of enchant weapon {unknown}
 H - 2 scrolls of holy word {unknown}
 M - 2 scrolls of acquirement {unknown}
Potions
 e - 12 potions of ambrosia
 h - 3 potions of heal wounds {unknown}
 j - a potion of lignification {unknown}
 n - a potion of curing
 v - a potion of haste
 A - a potion of berserk rage {unknown}
 C - 4 potions of mutation {unknown}
 J - a potion of cancellation {unknown}
 L - a potion of might


   Skills:
 * Level 5.7 Fighting
 + Level 1.6 Short Blades
 + Level 4.1 Dodging
 + Level 4.3 Stealth
 * Level 14.4 Spellcasting
 + Level 6.1 Conjurations
 + Level 0.1 Hexes
 + Level 1.7 Transmutations
 * Level 11.7 Earth Magic
 + Level 0.8 Poison Magic
 * Level 3.7 Invocations


You had 15 spell levels left.
You knew the following spells:

 Your Spells              Type           Power      Damage    Failure   Level
a - Sandblast             Erth           100%       2d20      1%          1
b - Passwall              Tmut/Erth      42%        N/A       1%          2
c - Stone Arrow           Conj/Erth      100%       3d13      1%          3
d - Petrify               Tmut/Erth      51%        N/A       1%          4
e - Sublimation of Blood  Necr           18%        N/A       1%          2
f - Fulminant Prism       Conj/Hex       16%        3d11      3%          4
g - Call Canine Familiar  Summ           18%        N/A       4%          3
h - Olgreb's Toxic Radia  Pois           22%        N/A       9%          4

Your spell library contained the following spells:

 Spells                   Type           Power      Damage    Failure   Level
 Magic Dart               Conj           100%       1d8       1%          1
 Sting                    Tmut/Pois      96%        1d7       1%          1
 Poisonous Vapours        Pois/Air       40%        N/A       1%          2
 Searing Ray              Conj           96%        2d7       1%          2
 Leda's Liquefaction      Hex/Erth       23%        N/A       1%          4
 Ozocubu's Armour         Ice            18%        N/A       4%          3
 Portal Projectile        Hex/Tloc       36%        N/A       4%          3
 Irradiate                Conj/Tmut      18%        3d19      7%          5
 Passage of Golubria      Tloc           18%        N/A       12%         4
 Metabolic Englaciation   Hex/Ice        9%         N/A       32%         5
 Silence                  Hex/Air        9%         N/A       32%         5
 Simulacrum               Ice/Necr       9%         N/A       86%         6
 Lehudib's Crystal Spear  Conj/Erth      29%        10d8      88%         8


Dungeon Overview and Level Annotations

Branches:
Dungeon (11/15)            Temple (1/1) D:7            Lair (0/6) D:9
    Orc (0/2) D:9

Altars:
Ashenzari
Dithmenos
Fedhas
Sif Muna
Trog
Wu Jian
The Shining One

Shops:
D:4 *   D:5 [   D:6 *   D:10 *

Annotations:
D:8 3 runed translucent doors, AlmostDecent's ghost, novice GrFi


Message History

A centaur comes into view.
The centaur shoots an arrow.
The arrow hits you but does no damage.
The centaur wields a +0 shortbow.
The centaur shoots an arrow.
The arrow hits you!
Casting: Stone Arrow (safe; 1% risk of failure)
Confirm with . or Enter, or press ? or * to list all spells.
Aiming: Stone Arrow (safe; 1% risk of failure)
Press: ? - help, Shift-Dir - straight line, f - centaur
Aim: a centaur, wielding a +3 shortbow and quivering arrows (heavily wounded, 87% to hit)
The stone arrow hits the centaur!!
You kill the centaur!
Sif Muna accepts your kill.
The centaur shoots an arrow.
The arrow hits you but does no damage.
The centaur wields a +0 shortbow.
The centaur shoots an arrow.
The arrow hits you.
Casting: Stone Arrow (safe; 1% risk of failure)
Confirm with . or Enter, or press ? or * to list all spells.
Aiming: Stone Arrow (safe; 1% risk of failure)
Press: ? - help, Shift-Dir - straight line, f - acid dragon
Aim: an acid dragon (78% to hit)
The stone arrow hits the acid dragon!!
The acid dragon is severely wounded.
The centaur shoots an arrow.
The arrow hits you but does no damage.
The centaur shoots an arrow.
The arrow hits you but does no damage. The acid dragon spits acid at you.
The splash of acid hits you!!
* * * LOW HITPOINT WARNING * * *
The acid corrodes you! The acid dragon spits acid at you.
The splash of acid hits you!
* * * LOW HITPOINT WARNING * * *
The acid corrodes you!
You feel better.
The centaur shoots an arrow.
The arrow misses you.
As you read the scroll of fear, it crumbles to dust.
You assume a fearsome visage.
The centaur looks frightened! x2
The acid dragon looks frightened!
Unknown command.
The acid dragon spits acid at you. The splash of acid hits you!!
You die...

... #...... ....
#.........#
....##......... ..
.).D...##...# ...
.)...##...##...
#...##........
##...##........
#......#..............
#......#....@.........
#......#....##...##...
#......##...##...##
#......#######....#
#............#....#
#............'....#
+............#....#
#....####<####...##
#....####.####...#


You could see an acid dragon (fleeing, catching breath).

Vanquished Creatures
  A two-headed ogre (D:8)
  A centaur warrior (D:10)
  2 death yaks (D:9)
  A tengu warrior (D:8)
  Pikel (D:7)
  Maurice (D:8)
  2 centaur zombies
  A queen bee (D:9)
  Prince Ribbit (D:6)
  A hornet (D:8)
  A vampire (D:6)
  6 yaks
  2 wyverns
  A steam dragon (D:8)
  2 water moccasins
  An acid dragon (D:11)
  3 sky beasts
  2 orc warriors
  An ice beast (D:5)
  A hornet zombie (D:8)
  A black bear (D:6)
  4 ogres
  10 centaurs
  2 phantoms
  3 lemures (D:7)
  A bullfrog (D:9)
  A gnoll sergeant (D:9)
  6 scorpions
  A wyvern zombie (D:6)
  A wyvern skeleton (D:5)
  33 killer bees
  6 howler monkeys
  8 wights
  A gnoll shaman (D:6)
  3 orc priests
  5 hounds
  A jelly (D:5)
  Ijyb (D:4)
  3 iguanas
  7 orc wizards
  2 hell rats
  A killer bee zombie (D:9)
  A howler monkey zombie (D:8)
  6 adders
  8 gnolls
  A river rat (D:9)
  An adder skeleton (D:4)
  A worm (D:2)
  4 dart slugs
  36 orcs
  9 bats
  6 endoplasms
  2 giant cockroaches
  3 goblins
  6 hobgoblins
  2 jackals (D:5)
  7 kobolds
  3 quokkas
  4 ball pythons
  3 frilled lizards
  13 rats
249 creatures vanquished.

Vanquished Creatures (others)
  3 fulminant prisms (D:9)
3 creatures vanquished.

Grand Total: 252 creatures vanquished

Notes
Turn   | Place    | Note
-------+----------+-------------------------------------------
     0 | D:1      | robertstho the Deep Elf Earth Elementalist began the quest
                  | for the Orb.
     0 | D:1      | Reached XP level 1. HP: 10/10 MP: 6/6
    94 | D:1      | Reached XP level 2. HP: 15/15 MP: 8/8
   862 | D:1      | Reached XP level 3. HP: 17/20 MP: 9/9
  1846 | D:2      | Reached skill level 1 in Fighting
  2278 | D:2      | Reached XP level 4. HP: 15/25 MP: 9/11
  2893 | D:3      | Learned a level 2 spell: Passwall
  2897 | D:3      | Learned a level 3 spell: Stone Arrow
  2902 | D:3      | Learned a level 4 spell: Petrify
  2923 | D:3      | Found a faded altar of an unknown god.
  3010 | D:3      | Reached skill level 1 in Short Blades
  3269 | D:3      | Reached skill level 4 in Spellcasting
  3269 | D:3      | Reached XP level 5. HP: 15/29 MP: 4/13
  3923 | D:4      | Noticed an ogre
  3937 | D:4      | Killed an ogre
  3938 | D:4      | Reached skill level 5 in Earth Magic
  3938 | D:4      | Reached XP level 6. HP: 34/34 MP: 11/15
  3945 | D:4      | Reached skill level 5 in Spellcasting
  4073 | D:4      | Found Pulit's Elemental Accessories.
  4331 | D:4      | Found a bloodstained altar of Trog.
  4547 | D:4      | Noticed Ijyb
  4553 | D:4      | Killed Ijyb
  4864 | D:4      | Reached XP level 7. HP: 40/40 MP: 4/17
  5233 | D:5      | Entered Level 5 of the Dungeon
  5296 | D:5      | Reached skill level 6 in Spellcasting
  5296 | D:5      | Reached skill level 1 in Conjurations
  5755 | D:5      | Reached skill level 7 in Spellcasting
  5988 | D:5      | Found Galusid's Armour Boutique.
  6169 | D:5      | Reached XP level 8. HP: 45/45 MP: 5/21
  6801 | D:5      | Reached skill level 8 in Spellcasting
  7227 | D:6      | Reached skill level 9 in Spellcasting
  7431 | D:6      | Found Vykker's Assorted Antiques.
  7440 | D:6      | Bought a scroll labelled GIOSME DEUN for 29 gold pieces
  7440 | D:6      | Bought a scroll of identify for 58 gold pieces
  7440 | D:6      | Bought a scroll labelled FALLEMI XOICYDD for 29 gold pieces
  7794 | D:6      | Reached XP level 9. HP: 51/51 MP: 20/24
  7862 | D:6      | Noticed Prince Ribbit
  7870 | D:6      | Killed Prince Ribbit
  7871 | D:6      | Reached skill level 10 in Spellcasting
  8068 | D:6      | Reached skill level 11 in Spellcasting
  9293 | D:7      | Noticed Pikel
  9299 | D:7      | Killed Pikel
  9300 | D:7      | Reached XP level 10. HP: 58/58 MP: 11/27
  9399 | D:7      | Found a staircase to the Ecumenical Temple.
  9406 | Temple   | Entered the Ecumenical Temple
  9414 | Temple   | Became a worshipper of Sif Muna the Loreminder
  9766 | D:8      | Reached skill level 12 in Spellcasting
  9829 | D:8      | Found a runed translucent gate.
  9829 | D:8      | Found a runed translucent gate.
  9829 | D:8      | Found a runed translucent gate.
  9830 | D:8      | Noticed AlmostDecent's ghost (novice GrFi)
 10185 | D:8      | Noticed Maurice
 10187 | D:8      | Paralysed by something for 3 turns
 10196 | D:8      | Reached skill level 1 in Invocations
 10199 | D:8      | Paralysed by something for 5 turns
 10207 | D:8      | Killed Maurice
 10208 | D:8      | Reached skill level 10 in Earth Magic
 10371 | D:8      | Noticed a two-headed ogre
 10379 | D:8      | Killed a two-headed ogre
 10380 | D:8      | Reached skill level 5 in Fighting
 10380 | D:8      | Reached skill level 5 in Conjurations
 10482 | D:8      | Noticed a tengu warrior
 10488 | D:8      | Killed a tengu warrior
 10983 | D:9      | Noticed a death yak
 10986 | D:9      | Noticed a death yak
 10990 | D:9      | Noticed a death yak
 10999 | D:9      | Killed a death yak
 11000 | D:9      | Reached skill level 13 in Spellcasting
 11149 | D:8      | Learned a level 2 spell: Sublimation of Blood
 11154 | D:8      | Learned a level 4 spell: Fulminant Prism
 11158 | D:8      | Learned a level 3 spell: Call Canine Familiar
 11163 | D:8      | Learned a level 4 spell: Olgreb's Toxic Radiance
 11383 | D:9      | Reached * piety under Sif Muna
 11434 | D:9      | Killed a death yak
 11435 | D:9      | Reached XP level 11. HP: 18/64 MP: 11/30
 11824 | D:9      | Found a staircase to the Lair.
 12371 | D:9      | Found a staircase to the Orcish Mines.
 12778 | D:10     | Entered Level 10 of the Dungeon
 12951 | D:10     | Noticed a centaur warrior
 12959 | D:10     | Killed a centaur warrior
 13095 | D:10     | Found Haxibegh's Assorted Antiques.
 13102 | D:10     | Bought a coppery potion for 21 gold pieces
 13102 | D:10     | Bought a coppery potion for 21 gold pieces
 13102 | D:10     | Bought a scroll of identify for 48 gold pieces
 13102 | D:10     | Bought a scroll labelled BUEMIU EH CEUBB for 24 gold pieces
 13678 | D:10     | Reached ** piety under Sif Muna
 13679 | D:10     | Reached skill level 14 in Spellcasting
 14669 | D:11     | Killed from afar by an acid dragon

Illustrated notes

Levels and vault maps discovered:
D:1:      tarquinn_simple_flora_water_b, layout_loops_ring, minmay_surrounded
D:2:      layout_loops_ring
D:3:      layout_rooms, dreamdust_ecumenical_altar_grove
D:4:      layout_loops_ring, lightli_temple_of_fire, nicolae_elemental_shop,
          kennysheep_cross_bottleneck, uniq_ijyb
D:5:      layout_basic, serial_shops, nicolae_stop_n_shop_2
D:6:      layout_loops_cross, serial_shops, nicolae_shop_crystal,
          uniq_prince_ribbit1
D:7:      layout_basic, temple_green, uniq_pikel
D:8:      layout_basic, gammafunk_ghost_nasty_kobolds, minmay_three_doors,
          uniq_maurice
D:9:      layout_irregular_city, dpeg_lair_monsters, orc_0_dummy
D:10:     layout_loops_corners, serial_shops, shop_fountains, special_room
          [special_room_bee]
D:11:     layout_gridville, uniq_erolcha
Temple:   nicolae_temple_the_god_donut

Skill      XL: |  1  2  3  4  5  6  7  8  9 10 11 |
---------------+----------------------------------+-----
Earth Magic    | 4 5 7 8 9 11 | 11.7
Fighting       | 1 2 3 4 5 |  5.7
Stealth        | 3 4 |  4.3
Short Blades   | 1 |  1.6
Dodging        | 3 4 |  4.1
Spellcasting   | 4 5 7 9 11 13 14 | 14.4
Conjurations   | 1 2 4 5 6 |  6.1
Invocations    | 2 3 |  3.7
Hexes          | |  0.1
Transmutations | |  1.7
Poison Magic   | |  0.8

Action                   |  1- 3 |  4- 6 |  7- 9 | 10-12 || total
-------------------------+-------+-------+-------+-------++-------
Melee: Short sword       |   136 |    27 |       |       ||   163
       Punch             |     2 |       |       |       ||     2
       Dagger            |       |     5 |    16 |       ||    21
 Cast: Sandblast         |    11 |    41 |    24 |    15 ||    91
       Stone Arrow       |       |    19 |   114 |   151 ||   284
       Petrify           |       |       |     1 |    10 ||    11
       Fulminant Prism   |       |       |       |     3 ||     3
       Olgreb's Toxic Ra |       |       |       |    12 ||    12
       Call Canine Famil |       |       |       |     4 ||     4
Invok: Channel Magic     |       |       |       |     1 ||     1
Evoke: Wand              |       |       |       |     2 ||     2
  Use: Scroll            |       |     3 |     5 |     3 ||    11
       Potion            |       |     1 |       |     1 ||     2
 Stab: Sleeping          |     5 |     1 |       |       ||     6
       Distracted        |       |     1 |       |       ||     1
Armor: Robe              |    21 |    16 |    15 |    44 ||    96
Dodge: Dodged            |    96 |    58 |    44 |   108 ||   306

Table legend: (Time is in decaauts)
 A = Elapsed time spent in this place.
 B = Non-inter-level travel time spent in this place.
 C = Inter-level travel time spent in this place.
 D = Time resting spent in this place.
 E = Time spent auto-exploring this place.
 F = Levels seen in this place.
 G = Mean time per level.
                   A        B        C        D        E       F      G
               +--------+--------+--------+--------+--------+-----+--------+
         Total |  14686 |  14233 |    453 |   1962 |  10547 |  12 | 1223.8 |
       Dungeon |  14669 |  14225 |    444 |   1962 |  10547 |  11 | 1333.5 |
        Temple |     16 |      8 |      8 |      0 |      0 |   1 |   16.0 |
               +--------+--------+--------+--------+--------+-----+--------+

Top non-repeatable levels by time:
     D:5: 1788 daAuts
     D:8: 1705 daAuts
     D:1: 1606 daAuts
     D:9: 1575 daAuts
     D:4: 1550 daAuts
     D:6: 1489 daAuts
    D:10: 1476 daAuts
     D:2: 1419 daAuts
     D:7: 1232 daAuts
     D:3: 671 daAuts
    D:11: 154 daAuts
  Temple: 16 daAuts
